 Dungeon Crawl Stone Soup version 0.29-a0-613-gf2c431b9b9 (webtiles) character file.

Game seed: 5615880632577822822

110 xian the Conjurer (level 4, -2/24 HPs)
             Began as a Tengu Conjurer on June 16, 2022.
             Slain by a gnoll
             ... wielding a +0 spear
              (9 damage)
             ... on level 3 of the Dungeon.
             The game lasted 00:06:14 (2413 turns).

xian the Conjurer (Tengu Conjurer)                  Turns: 2413, Time: 00:06:15

Health: -2/24      AC:  2    Str:  8    XL:     4   Next: 91%
Magic:  0/9        EV: 12    Int: 20    God:
Gold:   141        SH:  0    Dex: 12    Spells: 1/8 levels left

rFire   + . .      SeeInvis .   i - +0 dagger
rCold   . . .      Faith    .   (no shield)
rNeg    . . .      Spirit   +   a - +0 robe
rPois   +          Reflect  .   (helmet restricted)
rElec   .          Harm     .   (no cloak)
rCorr   .          Rampage  .   (no gloves)
Will    .....                   (boots unavailable)
Stlth   ++........              m - amulet of guardian spirit
HPRegen 0.08/turn               d - ring of poison resistance
MPRegen 0.11/turn               g - ring of protection from fire

@: hasted, very quick
A: beak, talons 3
a: no special abilities


You were on level 3 of the Dungeon.
You visited 1 branch of the dungeon, and saw 3 of its levels.

You collected 141 gold pieces.

Inventory:

Hand Weapons
 i - a +0 dagger (weapon)
Armour
 a - a +0 robe (worn)
Jewellery
 d - a ring of poison resistance (left hand)
 g - a ring of protection from fire (right hand)
 m - an amulet of guardian spirit (around neck)
Wands
 l - a wand of charming (3)
 o - a wand of iceblast (5)
Scrolls
 e - a scroll of fog
 p - a scroll of immolation {unknown}
 q - a scroll of fear {unknown}
Potions
 b - 2 potions of magic
 c - a potion of haste
 f - a potion of heal wounds {unknown}
 h - 2 potions of lignification
 j - a potion of flight
 k - a potion of might {unknown}
 n - a potion of brilliance {unknown}


   Skills:
 + Level 2.5 Dodging
 + Level 2.5 Stealth
 + Level 2.6 Spellcasting
 + Level 7.1 Conjurations


You had one spell level left.
You knew the following spells:

 Your Spells              Type           Power      Damage    Failure   Level
a - Magic Dart            Conj           100%       1d8       1%          1
b - Searing Ray           Conj           62%        2d6       1%          2
c - Iskenderun's Mystic   Conj/Tloc      16%        2d5       34%         4

Your spell library contained the following spells:

 Spells                   Type           Power      Damage    Failure   Level
 Dazzling Flash           Conj/Hex       32%        N/A       11%         3
 Fulminant Prism          Conj/Hex       8%         3d7       34%         4


Dungeon Overview and Level Annotations

Branches:
Dungeon (3/15)

Altars:

Shops:
D:1 :

Annotations:
D:1 spell book


Innate Abilities, Weirdness & Mutations

You have a beak for a mouth.
You have claws for feet.


Message History

The ball python is heavily wounded.
The ball python hisses angrily.
You hear a shout!
A gnoll comes into view. It is wielding a +0 club.
The magic dart hits the ball python.
You kill the ball python!
The gnoll shouts!
The gnoll throws a throwing net.
The throwing net closely misses you.
The magic dart hits the gnoll.
The gnoll is lightly wounded.
A gnoll comes into view. It is wielding a +0 spear.
The magic dart hits the gnoll but does no damage.
The gnoll is lightly wounded.
The gnoll shouts!
The magic dart hits the gnoll!
The gnoll is severely wounded.
A gnoll comes into view. It is wielding a +0 spear.
The magic dart hits the gnoll.
You kill the gnoll!
The magic dart hits the gnoll.
The gnoll is moderately wounded.
The gnoll hits you from afar with a +0 spear.
The magic dart hits the gnoll.
The gnoll is heavily wounded.
The gnoll misses you.
You are out of magic!
You are out of magic!
You are out of magic!
You are out of magic!
You are out of magic!
Unknown command.
A quokka comes into view.
The gnoll closely misses you. The gnoll misses you.
Items here: ( )) †.
You hit the gnoll. You claw the gnoll. You peck the gnoll.
The gnoll is severely wounded.
The gnoll hits you with a +0 spear.
The gnoll hits you from afar with a +0 spear.
* * * LOW HITPOINT WARNING * * *
You feel yourself speed up. The gnoll hits you with a +0 spear!
You die...

#####.#####.#
#.# ######...
#.........#..#
#...
#####.######.#
#... #.#.##.#..
#...
#.#.##.##.#
#... #...##.#
#... #.#....# #
####
#.####(###..##.
#.# #.@ggr>...
#.# #####.....
#.# ... #.# .
#.# ###


You could see 2 gnolls and a quokka.

Vanquished Creatures
  A hound (D:3)
  A gnoll (D:3)
  2 adders
  A white imp (D:3)
  A dart slug (D:1)
  2 orcs (D:3)
  3 ball pythons
  3 bats
  3 endoplasms
  2 giant cockroaches (D:1)
  6 goblins
  4 hobgoblins
  4 quokkas
  2 frilled lizards
  A kobold (D:1)
  4 rats (D:1)
40 creatures vanquished.

Notes
Turn   | Place    | Note
-------+----------+-------------------------------------------
     0 | D:1      | xian the Tengu Conjurer began the quest for the Orb.
     0 | D:1      | Reached XP level 1. HP: 10/10 MP: 4/4
   238 | D:1      | Reached XP level 2. HP: 15/15 MP: 1/6
   360 | D:1      | Found Fibucry's Book Shoppe.
   710 | D:1      | Reached skill level 6 in Conjurations
   843 | D:1      | Reached XP level 3. HP: 19/19 MP: 4/7
  1228 | D:2      | Found a faded altar of an unknown god.
  2204 | D:3      | Reached XP level 4. HP: 24/24 MP: 4/8
  2207 | D:3      | Learned a level 2 spell: Searing Ray
  2212 | D:3      | Learned a level 4 spell: Iskenderun's Mystic Blast
  2232 | D:3      | Reached skill level 7 in Conjurations
  2413 | D:3      | Slain by a gnoll

Illustrated notes

Levels and vault maps discovered:
D:1:      dpeg_arrival_arbitrary_a, layout_basic, serial_shops,
          nicolae_shop_trees
D:2:      layout_basic, basic_ecumenical_altar
D:3:      layout_basic, general_overflow_altar, minivault_4

Skill      XL: |  1  2  3  4 |
---------------+-------------+-----
Conjurations   | 6 7 |  7.1
Dodging        | |  2.5
Stealth        | |  2.5
Spellcasting   | |  2.6

Action                   |  1- 3 |  4- 6 || total
-------------------------+-------+-------++-------
Melee: Dagger            |       |     5 ||     5
       Kick              |       |     2 ||     2
       Peck              |       |     1 ||     1
 Cast: Magic Dart        |    59 |    13 ||    72
       Searing Ray       |       |     1 ||     1
  Use: Scroll            |     7 |       ||     7
       Potion            |       |     1 ||     1
Armor: Robe              |     1 |       ||     1
Dodge: Dodged            |     2 |     4 ||     6

Table legend: (Time is in decaauts)
 A = Elapsed time spent in this place.
 B = Non-inter-level travel time spent in this place.
 C = Inter-level travel time spent in this place.
 D = Time resting spent in this place.
 E = Time spent auto-exploring this place.
 F = Levels seen in this place.
 G = Mean time per level.
                   A        B        C        D        E       F      G
               +--------+--------+--------+--------+--------+-----+--------+
         Total |   2410 |   2342 |     68 |      0 |   2130 |   3 |  803.3 |
       Dungeon |   2410 |   2342 |     68 |      0 |   2130 |   3 |  803.3 |
               +--------+--------+--------+--------+--------+-----+--------+

Top non-repeatable levels by time:
     D:1: 1053 daAuts
     D:2: 800 daAuts
     D:3: 556 daAuts
